 Dungeon Crawl Stone Soup version 0.24-a0-412-ge138f7edaf (webtiles) character file.

Game seed: 13653151846921141860

13307 KrasnyyBoyets the Cleaver (level 11, 0/88 HPs)
             Began as a Deep Dwarf Fighter on June 3, 2019.
             Was a Believer of Makhleb.
             Killed from afar by an electric eel (5 damage)
             ... with a bolt of electricity
             ... on level 3 of the Lair of Beasts on June 7, 2019.
             The game lasted 02:29:31 (14103 turns).

KrasnyyBoyets the Cleaver (Deep Dwarf Fighter)     Turns: 14103, Time: 02:29:31

Health: 0/88       AC: 14    Str: 22    XL:     11   Next: 73%
Magic:  1/1        EV: 10    Int: 16    God:    Makhleb [**....]
Gold:   715        SH: 14    Dex: 12    Spells: 1/10 levels left

rFire    x . .     SeeInvis .   a - +0 broad axe
rCold    + . .     Gourm    .   c - +0 shield
rNeg     . . .     Faith    .   x - +0 plate armour
rPois    .         Spirit   .   K - +0 hat {MR+}
rElec    .         Reflect  +   (no cloak)
rCorr    .         Harm     .   q - +0 pair of gloves
MR       ++...                  u - +1 pair of boots
Stlth    ..........             l - +2 amulet of reflection
HPRegen  0.00/turn              n - +6 ring of intelligence
MPRegen  0.07/turn              C - ring of ice

@: lethally poisoned (0 -> 0), non-regenerating
A: damage resistance, heal wounds, sense surroundings 2, no regeneration
a: Heal Wounds, Minor Destruction, Renounce Religion


You were on level 3 of the Lair of Beasts.
You worshipped Makhleb.
Makhleb was pleased with you.
You were not hungry.

You visited 3 branches of the dungeon, and saw 13 of its levels.

You collected 715 gold pieces.

Inventory:

Hand Weapons
 a - a +0 broad axe (weapon)
 h - a +0 battleaxe
 y - a +2 dagger of venom
 z - a +0 flail of protection
 B - a cursed +0 short sword
 D - a cursed +0 trident
 J - a +0 hand axe
Armour
 b - a +0 scale mail
 c - a +0 shield (worn)
 m - a +1 helmet
 q - a +0 pair of gloves (worn)
 u - a +1 pair of boots (worn)
 x - a +0 plate armour (worn)
 K - a +0 hat of magic resistance (worn)
 P - a +1 robe of cold resistance
Jewellery
 l - a +2 amulet of reflection (around neck)
 n - a +6 ring of intelligence (left hand)
 C - a ring of ice (right hand)
 Q - an uncursed amulet of the gourmand
Wands
 o - a wand of flame (53)
 w - a wand of paralysis (8)
 A - a wand of iceblast (22)
 E - a wand of polymorph (20)
 M - a wand of random effects (13)
 O - a wand of digging (6)
Scrolls
 i - a scroll of immolation {!r}
 j - 2 scrolls of remove curse
 k - 3 scrolls of amnesia
 s - 3 scrolls of magic mapping
 v - 6 scrolls of teleportation
 F - 2 scrolls of blinking
 I - a scroll of brand weapon {unknown}
 L - 2 scrolls of enchant armour {unknown}
 N - a scroll of fear {unknown}
Potions
 d - 4 potions of might
 e - a potion of haste {unknown}
 g - 2 potions of mutation
 p - 3 potions of cancellation
 r - 2 potions of agility
 t - a potion of resistance {unknown}
 G - a potion of brilliance {unknown}
 H - 3 potions of ambrosia
 R - a potion of flight {unknown}
 S - a potion of berserk rage {unknown}
Comestibles
 f - 15 rations
 T - 6 chunks of flesh


   Skills:
 - Level 2.6 Fighting
 * Level 13.0(13.1) Axes
 - Level 2.3(8.2) Maces & Flails
 - Level 3.2 Armour
 * Level 10.9 Dodging
 - Level 10.2 Shields
 * Level 2.8 Hexes
 - Level 5.3 Evocations


You had one spell level left.
You knew the following spells:

 Your Spells              Type           Power        Failure   Level  Hunger
a - Confuse               Hex            #.......     100%        3    ####...
b - Tukima's Dance        Hex            #.......     100%        3    ####...
c - Dazzling Spray        Conj/Hex       #.....       100%        3    ####...

Your spell library contained the following spells:

 Spells                   Type           Power        Failure   Level  Hunger
 Confusing Touch          Hex            #.....       97%         1    ##.....
 Corona                   Hex            #......      97%         1    ##.....
 Animate Skeleton         Necr           N/A          100%        1    ##.....
 Apportation              Tloc           #.....       100%        1    ##.....
 Summon Small Mammal      Summ           #...         100%        1    ##.....
 Slow                     Hex            #.......     99%         2    ###....
 Ensorcelled Hibernation  Hex/Ice        #.....       100%        2    ###....
 Inner Flame              Hex/Fire       #.......     100%        3    ####...
 Portal Projectile        Hex/Tloc       #.....       100%        3    ####...
 Cause Fear               Hex            #.........   100%        4    #####..
 Leda's Liquefaction      Hex/Erth       #.........   100%        4    #####..


Dungeon Overview and Level Annotations

Branches:
Dungeon (9/15)             Temple (1/1) D:6            Lair (3/6) D:9
  Swamp: Lair:2-4    Shoals: Lair:2-4     Snake: Lair:2-4    Spider: Lair:2-4
    Orc: D:9-12

Altars:
Ashenzari
Cheibriados
Dithmenos
Elyvilon
Fedhas
Gozag
Hepliaklqana
Kikubaaqudgha
Makhleb
Nemelex Xobeh
Okawaru
Qazlal
Ru
Sif Muna
Trog
Uskayaw
Vehumet
Wu Jian
Xom
Yredelemnul
Zin
The Shining One


Innate Abilities, Weirdness & Mutations

You are resistant to damage.
You can heal yourself by infusing magical energy.
You passively map the area around you.
You do not regenerate.


Message History

Makhleb accepts your kill.
You feel better.
Your Axes skill increases to level 13!
You closely miss the spiny frog. The spiny frog barely misses you.
The electric eel shoots out a bolt of lightning at you!
The bolt of electricity hits you.
The electric eel shoots out a bolt of lightning at you!
The bolt of electricity hits you. The spiny frog stings you!
You see here a water moccasin corpse.
The spiny frog stings you!
The electric eel shoots out a bolt of lightning at you!
The bolt of electricity hits you. The spiny frog stings you.
The spiny frog stings you!
* * * LOW HITPOINT WARNING * * *
You are more poisoned.
The spiny frog poisons you!
The electric eel shoots out a bolt of lightning at you!
The bolt of electricity hits you!
You die...

*, * ≈≈≈♣P≈♣♣≈* *
,,*** #♣♣≈≈≈≈P≈≈≈≈ *
#♣≈PP≈≈≈P≈≈P * , *
##.≈≈≈≈≈≈≈≈P≈ * * , ,
###..♣≈P≈;≈≈≈≈P , ,,
##P..≈♣≈≈≈≈≈≈≈≈≈≈ * *
###....;≈P≈≈≈≈≈≈≈≈ *
,, ≈ ≈ ≈
##.†F...;♣≈P≈;≈≈≈≈≈
≈≈≈ ≈≈ ≈
#.#..@.#♣≈≈≈≈≈≈≈≈≈≈ ≈
*
≈*♣#.....#♣*P≈≈≈≈≈≈≈≈≈
≈ ≈ *#......♣
≈≈≈≈≈≈≈≈≈≈≈ **
**#♣....### ≈P≈≈≈≈≈≈≈≈
* ,, ♣.♣...# *P♣≈≈≈≈≈≈
≈ * * ♣♣.÷..# P♣≈≈≈≈≈≈
≈≈ ♣..†.## *.♣P≈P≈≈≈ *
* * ♣♣..## ##.♣≈♣≈≈≈ ≈
≈ ≈≈≈ ♣...#
###..♣PPP≈≈


You could see a spiny frog and 2 electric eels.

Vanquished Creatures
  Gastronok (D:8)
  Fannar (Lair:1)
  Harold (D:9)
  A hydra (Lair:2)
  A two-headed ogre (D:8)
  A black mamba (Lair:2)
  Psyche (D:8)
  2 spiny frogs
  3 komodo dragons
  A troll (D:9)
  A polar bear (Lair:2)
  Grinder (D:4)
  A hippogriff (Lair:1)
  Sigmund (D:3)
  A human (D:7)
  Eustachio (D:6)
  4 hogs (D:7)
  A steam dragon (D:7)
  A hungry ghost (D:8)
  4 water moccasins
  3 porcupines
  An orc warrior (D:6)
  4 ice beasts
  4 sky beasts
  11 ogres
  4 crocodiles
  3 centaurs
  9 bullfrogs
  2 big kobolds
  A wyvern zombie (D:9)
  3 scorpions
  4 wights (D:7)
  4 crimson imps
  5 hounds
  A jelly (D:9)
  An orc priest (D:8)
  2 iguanas
  2 orc wizards
  4 worker ants
  2 hound zombies (D:7)
  A hound skeleton (D:7)
  A worker ant zombie (D:7)
  10 adders
  2 shadow imps
  An adder zombie (D:7)
  An adder skeleton (D:4)
  6 worms
  2 dart slugs (D:1)
  6 leopard geckos
  23 orcs
  6 giant cockroaches
  8 goblins
  11 hobgoblins
  4 jackals (D:6)
  A quokka (D:6)
  3 ball pythons
  5 bats
  5 frilled lizards
  21 kobolds
  A leopard gecko zombie (D:5)
  A quokka skeleton (D:6)
  5 rats
  A fungus (Lair:2)
224 creatures vanquished.

Vanquished Creatures (collateral kills)
  A water moccasin (Lair:2)
  A porcupine (Lair:2)
  3 wolves (Lair:2)
  A bullfrog (Lair:2)
6 creatures vanquished.

Grand Total: 230 creatures vanquished

Notes
Turn   | Place    | Note
-------+----------+-------------------------------------------
     0 | D:1      | KrasnyyBoyets the Deep Dwarf Fighter began the quest for
                  | the Orb.
     0 | D:1      | Reached XP level 1. HP: 20/20 MP: 1/1
   448 | D:1      | Reached skill level 3 in Axes
   460 | D:1      | Reached XP level 2. HP: 27/27 MP: 2/2
   764 | D:1      | Reached skill level 1 in Dodging
  1391 | D:2      | Reached XP level 3. HP: 33/33 MP: 3/3
  1503 | D:2      | Reached skill level 1 in Evocations
  2168 | D:3      | Reached XP level 4. HP: 19/40 MP: 5/5
  2248 | D:3      | Reached skill level 4 in Axes
  2728 | D:3      | Noticed Sigmund
  2752 | D:3      | Killed Sigmund
  2752 | D:3      | Reached XP level 5. HP: 36/46 MP: 4/6
  3034 | D:3      | Found a white marble altar of Elyvilon.
  3034 | D:3      | Found an ancient bone altar of Kikubaaqudgha.
  3249 | D:4      | Reached skill level 5 in Axes
  3249 | D:4      | Reached XP level 6. HP: 51/55 MP: 7/7
  3513 | D:4      | Noticed Grinder
  3544 | D:4      | Killed Grinder
  3544 | D:4      | Reached skill level 6 in Axes
  3544 | D:4      | Reached skill level 5 in Dodging
  3544 | D:4      | Reached XP level 7. HP: 61/61 MP: 5/5
  4668 | D:5      | Entered Level 5 of the Dungeon
  4695 | D:5      | Reached skill level 7 in Axes
  4741 | D:5      | Found a glowing golden altar of the Shining One.
  4844 | D:5      | Reached XP level 8. HP: 53/68 MP: 5/5
  5102 | D:5      | Reached skill level 8 in Axes
  5811 | D:5      | Found a hide-covered altar of Uskayaw.
  6054 | D:6      | Reached skill level 9 in Axes
  6113 | D:6      | Noticed Eustachio
  6132 | D:6      | Gained mutation: You passively map the area around you.
                  | [Deep Dwarf growth]
  6132 | D:6      | Reached XP level 9. HP: 69/74 MP: 4/4
  6141 | D:6      | Killed Eustachio
  6142 | D:6      | Found a staircase to the Ecumenical Temple.
  6169 | Temple   | Entered the Ecumenical Temple
  6170 | Temple   | Upgraded the game from 0.24-a0-381-g637bb3806f to
                  | 0.24-a0-397-g73b976d855
  6442 | Temple   | Upgraded the game from 0.24-a0-397-g73b976d855 to
                  | 0.24-a0-408-gcc1054c7ca
  6466 | Temple   | Became a worshipper of Makhleb the Destroyer
  7025 | D:6      | Reached skill level 10 in Axes
  7973 | D:7      | Reached skill level 5 in Shields
  8131 | D:7      | Found a sparkling altar of Nemelex Xobeh.
  8232 | D:7      | Found an ornate altar of the Wu Jian Council.
  8666 | D:7      | Reached skill level 10 in Dodging
  8683 | D:7      | Reached * piety under Makhleb
  8683 | D:7      | Reached XP level 10. HP: 52/81 MP: 4/4
  9777 | D:8      | Noticed Psyche
  9778 | D:8      | Noticed a two-headed ogre
  9813 | D:8      | Killed Psyche
  9813 | D:8      | Reached skill level 11 in Axes
  9821 | D:8      | Killed a two-headed ogre
  9909 | D:8      | Noticed Gastronok
  9955 | D:8      | Killed Gastronok
  9955 | D:8      | Reached skill level 12 in Axes
 10251 | D:8      | Paralysed by fainting for 5 turns
 10489 | D:9      | Noticed Harold
 10527 | D:9      | Killed Harold
 10527 | D:9      | Reached ** piety under Makhleb
 10527 | D:9      | Reached XP level 11. HP: 45/88 MP: 4/4
 10573 | D:9      | Found a bloodstained altar of Trog.
 10833 | D:9      | Found a staircase to the Lair.
 11153 | D:9      | Found a bloodstained altar of Trog.
 11330 | D:9      | Upgraded the game from 0.24-a0-408-gcc1054c7ca to
                  | 0.24-a0-412-ge138f7edaf
 11331 | Lair:1   | Entered Level 1 of the Lair of Beasts
 11784 | Lair:1   | Noticed Fannar
 11849 | Lair:1   | Killed Fannar
 11849 | Lair:1   | Reached skill level 5 in Evocations
 11867 | Lair:1   | Learned a level 3 spell: Confuse
 11871 | Lair:1   | Learned a level 3 spell: Tukima's Dance
 11875 | Lair:1   | Learned a level 3 spell: Dazzling Spray
 12671 | Lair:2   | Reached skill level 1 in Hexes
 12849 | Lair:2   | Noticed a seven-headed hydra
 12864 | Lair:2   | Killed a seven-headed hydra
 12864 | Lair:2   | Reached skill level 1 in Maces & Flails
 12864 | Lair:2   | Reached skill level 10 in Shields
 14090 | Lair:3   | HP: 3/88 [poisoned by a water moccasin]
 14091 | Lair:3   | HP: 1/88 [poisoned by a water moccasin]
 14099 | Lair:3   | Reached skill level 13 in Axes
 14103 | Lair:3   | Killed from afar by an electric eel

Levels and vault maps discovered:
D:1:      psy_arrival_statuary, layout_basic
D:2:      layout_rooms
D:3:      layout_loops_ring, minitemple, uniq_sigmund
D:4:      kennysheep_spiral_hall, layout_basic, first_ration, uniq_grinder
D:5:      layout_loops_ring, marbit_many_paths, tso_altar
D:6:      layout_layer_cave, temple_statues, uniq_eustachio
D:7:      layout_gridville, lemuel_round_altar, grunt_livestock,
          nemelex_xobeh_ov_fountains_minmay
D:8:      minmay_cornered_nines, layout_cave_pools, minmay_fountain_box,
          uniq_psyche, uniq_gastronok
D:9:      layout_cave_pools, old_standard_altar, lair_entry_dummy,
          trog_hazing_becter, uniq_harold
Temple:   eino_temple_rhombus
Lair:1:   layout_regular_city, lemuel_old_faithful, grunt_megastairs_1,
          uniq_fannar
Lair:2:   layout_misc_corridors, grunt_megastairs_2
Lair:3:   layout_concentric_octagons, palyth_hydra_swamp_entry,
          serial_bayou_lake_a

Skill      XL: |  1  2  3  4  5  6  7  8  9 10 11 |
---------------+----------------------------------+-----
Axes           | 3 4 5 6 7 9 10 12 13 | 13.0
Dodging        | 1 2 3 5 6 8 10 | 10.9
Evocations     | 1 3 5 |  5.3
Shields        | 6 9 10 | 10.2
Hexes          | 2 |  2.8
Maces & Flails | 2 |  2.3
Fighting       | |  2.6
Armour         | |  3.2

Action                   |  1- 3 |  4- 6 |  7- 9 | 10-12 || total
-------------------------+-------+-------+-------+-------++-------
Melee: War axe           |   120 |   138 |   455 |       ||   713
       Battleaxe         |       |       |    47 |    16 ||    63
       Hand axe          |       |       |       |   381 ||   381
       Flail             |       |       |       |   203 ||   203
       Broad axe         |       |       |       |    41 ||    41
Invok: Minor Destruction |       |       |       |     7 ||     7
 Abil: Revivify          |     1 |    15 |     8 |       ||    24
       Heal Wounds       |       |       |     5 |    42 ||    47
Evoke: Wand              |       |     4 |     3 |    32 ||    39
  Use: Scroll            |       |     4 |     4 |    12 ||    20
       Potion            |       |       |     4 |     4 ||     8
 Stab: Paralysed         |       |       |     2 |       ||     2
  Eat: Chunk             |     4 |     5 |    11 |     9 ||    29
       Ration            |       |       |     2 |     5 ||     7
Armor: Scale mail        |    51 |    74 |     9 |       ||   134
       Plate armour      |       |       |   266 |   359 ||   625
Dodge: Dodged            |    38 |    40 |   155 |   287 ||   520
Block: Shield            |    89 |    83 |   277 |   549 ||   998
       Reflection        |     2 |     4 |    11 |     3 ||    20
       Other             |       |       |     3 |     1 ||     4

Table legend:
 A = Non-vault XP
 B = Vault XP
 C = Vault XP percentage of total XP
 D = Non-vault monster count
 E = Vault monster count
 F = Vault count percentage of total count
                 A         B        C        D         E       F
            +---------+---------+-------+---------+---------+-------
      Total |   11543 |    7468 |  39.3 |     201 |      28 |  12.2
            +---------+---------+-------+---------+---------+-------
        D:1 |      35 |       0 |   0.0 |      20 |       0 |   0.0
        D:2 |      56 |       0 |   0.0 |      17 |       0 |   0.0
        D:3 |      45 |     238 |  84.1 |      20 |       1 |   4.8
        D:4 |     320 |     428 |  57.2 |      16 |       5 |  23.8
        D:5 |     887 |     113 |  11.3 |      16 |       1 |   5.9
        D:6 |    1919 |     196 |   9.3 |      30 |       1 |   3.2
        D:7 |    1059 |     977 |  48.0 |      23 |       5 |  17.9
        D:8 |    1298 |    3040 |  70.1 |      21 |       5 |  19.2
        D:9 |     650 |    1012 |  60.9 |      10 |       7 |  41.2
     Lair:1 |     873 |    1379 |  61.2 |       4 |       2 |  33.3
     Lair:2 |    3502 |      85 |   2.4 |      19 |       1 |   5.0
     Lair:3 |     899 |       0 |   0.0 |       5 |       0 |   0.0
            +---------+---------+-------+---------+---------+-------
